PCL
NEW ORLEANS ZEPHYRS @ IOWA CUBS
07/12/2099
 
TOP OF THE 1ST
New Orleans Zephyrs batting - Pitching for Iowa Cubs : LHP Jamie DeCiantis
Pitching: LHP Jamie DeCiantis
Batting: RHB Nick Allen 0-0: Ball
1-0: Called Strike
1-1: Ball
2-1: Ball
3-1: SINGLE (Line Drive, 7S, EV 104.4 MPH)
Batting: SHB Melvin Amezcua 0-0: Bunted foul
0-1: Foul Ball, location: 23FF
0-2: Ball
1-2: Ball
2-2: Foul Ball, location: 2LF
2-2: Ball
3-2: Fly out, F9 (Flyball, 89M, EV 83.1 MPH)
Batting: RHB James Austill 0-0: Ball
1-0: Grounds into double play, 5-4-3 (Groundball, 5, EV 85.0 MPH)
Top of the 1st over - 0 runs, 1 hit, 0 errors, 0 left on base; New Orleans 0 - Iowa 0
BOTTOM OF THE 1ST
Iowa Cubs batting - Pitching for New Orleans Zephyrs : RHP Joe Allen
Pitching: RHP Joe Allen
Batting: RHB Craig Bennett 0-0: Called Strike
0-1: Swinging Strike
0-2: Ball
1-2: Ball
2-2: Ground out 5-3 (Groundball, 56, EV 85.0 MPH)
Batting: RHB Jeremy Piland 0-0: Ball
1-0: Fly out, F9 (Line Drive, 9S, EV 88.8 MPH)
Batting: RHB Jonathan Stooksberry 0-0: Ball
1-0: Ball
2-0: Swinging Strike
2-1: Swinging Strike
2-2: Ball
3-2: Strikes out swinging
Bottom of the 1st over - 0 runs, 0 hits, 0 errors, 0 left on base; New Orleans 0 - Iowa 0
TOP OF THE 2ND
New Orleans Zephyrs batting - Pitching for Iowa Cubs : LHP Jamie DeCiantis
Batting: SHB Akira Nagata 0-0: Ball
1-0: Ball
2-0: Foul Ball, location: 2F
2-1: Swinging Strike
2-2: Ball
3-2: Strikes out swinging
Batting: LHB Rick Alvarez 0-0: Ball
1-0: Foul Ball, location: 3F
1-1: Ball
2-1: Foul Ball, location: 7LDF
2-2: Ball
3-2: SOLO HOME RUN (Flyball, 7D, EV 95.6 MPH), Distance : 375 ft
Batting: SHB Everett Anderson 0-0: Ball
1-0: Called Strike
1-1: Foul Ball, location: 3FF
1-2: Strikes out looking
Batting: LHB Joe Bell 0-0: Swinging Strike
0-1: Ball
1-1: Ball
2-1: Fly out, F9 (Line Drive, 89S, EV 93.8 MPH)
Top of the 2nd over - 1 run, 1 hit, 0 errors, 0 left on base; New Orleans 1 - Iowa 0
BOTTOM OF THE 2ND
Iowa Cubs batting - Pitching for New Orleans Zephyrs : RHP Joe Allen
Batting: RHB Jaylin Tillman 0-0: Ball
1-0: Called Strike
1-1: Called Strike
1-2: Ball
2-2: Ground out 4-3 (Groundball, 4, EV 83.8 MPH)
Batting: RHB John Borchardt 0-0: Swinging Strike
0-1: Foul Ball, location: 2F
0-2: Ball
1-2: Foul Ball, location: 5DF
1-2: Ball
2-2: Ground out 5-3 (Groundball, 56, EV 85.6 MPH)
Batting: RHB Josh Bushman 0-0: DOUBLE (Line Drive, 78D, EV 101.3 MPH)
Batting: RHB Erik Bazan 0-0: Ball
1-0: Foul Ball, location: 2F
1-1: Ball
2-1: Ball
3-1: Called Strike
3-2: Base on Balls
Batting: RHB Kent Pease 0-0: Ground out 3-1 (Groundball, 34, EV 79.4 MPH)
Bottom of the 2nd over - 0 runs, 1 hit, 0 errors, 2 left on base; New Orleans 1 - Iowa 0
TOP OF THE 3RD
New Orleans Zephyrs batting - Pitching for Iowa Cubs : LHP Jamie DeCiantis
Batting: LHB Joe Krause 0-0: Called Strike
0-1: Swinging Strike
0-2: Ball
1-2: Ball
2-2: Ground out 6-3 (Groundball, 6, EV 85.0 MPH)
Batting: RHB Kevin Dorsey 0-0: Called Strike
0-1: Ball
1-1: Called Strike
1-2: Strikes out swinging
Batting: RHB Nick Allen 0-0: DOUBLE (Flyball, 7LD, EV 101.9 MPH)
Batting: SHB Melvin Amezcua 0-0: Swinging Strike
0-1: SINGLE (Flyball, 6MD, EV 90.6 MPH)
Nick Allen to third
Runner from 3rd tries for Home, SAFE, throw by CF to home
Batting: RHB James Austill 0-0: Fly out, F8 (Flyball, 89M, EV 81.9 MPH)
Top of the 3rd over - 1 run, 2 hits, 0 errors, 1 left on base; New Orleans 2 - Iowa 0
BOTTOM OF THE 3RD
Iowa Cubs batting - Pitching for New Orleans Zephyrs : RHP Joe Allen
Batting: RHB Jim Unknown 0-0: Fly out, F8 (Flyball, 8LM, EV 96.9 MPH)
Batting: RHB Craig Bennett 0-0: Ball
1-0: Ground out 5-3 (Groundball, 5L, EV 82.5 MPH)
Batting: RHB Jeremy Piland 0-0: Ball
1-0: Called Strike
1-1: Ball
2-1: Ball
3-1: Base on Balls
Batting: RHB Jonathan Stooksberry 0-0: Swinging Strike
0-1: Ball
Jeremy Piland steals 2nd base
1-1: Called Strike
1-2: TRIPLE (Flyball, 9LD, EV 102.5 MPH)
Jeremy Piland scores
Batting: RHB Jaylin Tillman 0-0: Ball
1-0: Called Strike
1-1: Swinging Strike
1-2: Foul Ball, location: 7LMF
1-2: Ball
2-2: Ball
3-2: Ground out 5-3 (Groundball, 5L, EV 86.9 MPH)
Bottom of the 3rd over - 1 run, 1 hit, 0 errors, 1 left on base; New Orleans 2 - Iowa 1
TOP OF THE 4TH
New Orleans Zephyrs batting - Pitching for Iowa Cubs : LHP Jamie DeCiantis
Batting: SHB Akira Nagata 0-0: Ball
1-0: Single, Error in OF, E8, batter to second base (Line Drive, 4D, EV 97.5 MPH)
Batting: LHB Rick Alvarez 0-0: Foul Ball, location: 5SF
0-1: Swinging Strike
0-2: Strikes out swinging
Batting: SHB Everett Anderson 0-0: Ball
1-0: Fly out, F7 (Line Drive, 7D, EV 90.0 MPH)
Batting: LHB Joe Bell 0-0: Ball
1-0: Swinging Strike
1-1: DOUBLE (Groundball, 3L, EV 98.8 MPH)
Akira Nagata scores
Batting: LHB Joe Krause 0-0: Ground out 4-3 (Groundball, 4, EV 87.5 MPH)
Top of the 4th over - 1 run, 2 hits, 1 error, 1 left on base; New Orleans 3 - Iowa 1
BOTTOM OF THE 4TH
Iowa Cubs batting - Pitching for New Orleans Zephyrs : RHP Joe Allen
Batting: RHB John Borchardt 0-0: Ball
1-0: Swinging Strike
1-1: Foul Ball, location: 2F
1-2: DOUBLE (Line Drive, 7LM, EV 91.9 MPH)
Batting: RHB Josh Bushman 0-0: Ball
1-0: Ball
2-0: Foul Ball, location: 9LDF
2-1: Ground out 5-3 (Groundball, 5, EV 93.1 MPH)
Batting: RHB Erik Bazan 0-0: Ball
1-0: Called Strike
1-1: SINGLE (Line Drive, 4MD, EV 93.8 MPH)
John Borchardt to third
Runner from 3rd tries for Home, SAFE, throw by CF to home
Batting: RHB Kent Pease 0-0: Called Strike
0-1: Ball
1-1: Foul Ball, location: 5SF
1-2: Fly out, F8 (Flyball, 8LD, EV 105.6 MPH)
Batting: RHB Jim Unknown 0-0: Ball
1-0: Ball
2-0: Called Strike
2-1: Fielders Choice at 2nd, 5-4 (Groundball, 56, EV 102.5 MPH)
Bottom of the 4th over - 1 run, 2 hits, 0 errors, 1 left on base; New Orleans 3 - Iowa 2
TOP OF THE 5TH
New Orleans Zephyrs batting - Pitching for Iowa Cubs : LHP Jamie DeCiantis
Batting: RHB Kevin Dorsey 0-0: Called Strike
0-1: Foul Ball, location: 2F
0-2: Foul Ball, location: 7LSF
0-2: Ball
1-2: Fly out, F8 (Line Drive, 8LM, EV 90.6 MPH)
Batting: RHB Nick Allen 0-0: SINGLE (Line Drive, 78S, EV 95.0 MPH)
Batting: SHB Melvin Amezcua 0-0: Ball
1-0: Ball
2-0: Ball
3-0: Base on Balls
Nick Allen to second
Batting: RHB James Austill 0-0: Ball
1-0: SINGLE (Groundball, 4M, EV 106.3 MPH)
Nick Allen to third
Melvin Amezcua to second
Runner from 3rd tries for Home, SAFE, throw by CF to home
Batting: SHB Akira Nagata 0-0: Called Strike
0-1: Ball
1-1: Fly out, F8 (Flyball, 8LD, EV 90.0 MPH)
Batting: LHB Rick Alvarez 0-0: Swinging Strike
0-1: Called Strike
0-2: Strikes out swinging, 2-3 out at first.
Top of the 5th over - 1 run, 2 hits, 0 errors, 2 left on base; New Orleans 4 - Iowa 2
BOTTOM OF THE 5TH
Iowa Cubs batting - Pitching for New Orleans Zephyrs : RHP Joe Allen
Batting: RHB Craig Bennett 0-0: Ground out 5-3 (Groundball, 56, EV 101.9 MPH)
Batting: RHB Jeremy Piland 0-0: Ball
1-0: DOUBLE (Line Drive, 5D, EV 105.6 MPH)
Batting: RHB Jonathan Stooksberry 0-0: Ball
1-0: Foul Ball, location: 3FF
1-1: Foul Ball, location: 9LMF
1-2: Fly out, F9 (Flyball, 9LM, EV 100.6 MPH)
Batting: RHB Jaylin Tillman 0-0: Called Strike
0-1: Foul Ball, location: 9LMF
0-2: Ball
1-2: Ball
2-2: Fly out, F8 (Flyball, 8RM, EV 90.6 MPH)
Bottom of the 5th over - 0 runs, 1 hit, 0 errors, 1 left on base; New Orleans 4 - Iowa 2
TOP OF THE 6TH
New Orleans Zephyrs batting - Pitching for Iowa Cubs : LHP Jamie DeCiantis
Batting: SHB Everett Anderson 0-0: Foul Ball, location: 3FF
0-1: Foul Ball, location: 5DF
0-2: Ground out 5-3 (Groundball, 5, EV 86.9 MPH)
Batting: LHB Joe Bell 0-0: Foul Ball, location: 2F
0-1: Foul Ball, location: 3FF
0-2: Foul Ball, location: 2F
0-2: Ball
1-2: Ball
2-2: Foul Ball, location: 5DF
2-2: TRIPLE (Groundball, 3L, EV 111.9 MPH)
Batting: LHB Joe Krause 0-0: Ball
1-0: Ball
2-0: Ball
3-0: Base on Balls
Batting: RHB Kevin Dorsey 0-0: Swinging Strike
0-1: Ball
1-1: Ball
2-1: Called Strike
2-2: Fly out, F7 (Flyball, 7D, EV 106.3 MPH)
Runner from 3rd tags up, SCORES, throw by LF
Batting: RHB Nick Allen 0-0: Fly out, F6 (Popup, 6MS, EV 80.6 MPH)
Top of the 6th over - 1 run, 1 hit, 0 errors, 1 left on base; New Orleans 5 - Iowa 2
BOTTOM OF THE 6TH
Iowa Cubs batting - Pitching for New Orleans Zephyrs : RHP Joe Allen
Batting: RHB John Borchardt 0-0: Ball
1-0: Called Strike
1-1: Called Strike
1-2: Ball
2-2: Ground out 6-3 (Groundball, 6, EV 103.1 MPH)
Batting: RHB Josh Bushman 0-0: Called Strike
0-1: Ball
1-1: Ball
2-1: Ground out 4-3 (Groundball, 4, EV 83.1 MPH)
Batting: RHB Erik Bazan 0-0: Ball
1-0: Called Strike
1-1: Foul Ball, location: 25FF
1-2: Ball
2-2: Foul Ball, location: 9LSF
2-2: Ground out 6-3 (Groundball, 6, EV 95.6 MPH)
Bottom of the 6th over - 0 runs, 0 hits, 0 errors, 0 left on base; New Orleans 5 - Iowa 2
TOP OF THE 7TH
New Orleans Zephyrs batting - Pitching for Iowa Cubs : LHP Jamie DeCiantis
Batting: SHB Melvin Amezcua 0-0: Ball
1-0: Ball
2-0: Foul Ball, location: 5FF
2-1: Called Strike
2-2: Ball
3-2: Strikes out swinging, 2-3 out at first.
Batting: RHB James Austill 0-0: Foul Ball, location: 9LMFF
0-1: Foul Ball, location: 2F
0-2: Fly out, F8 (Line Drive, 8RM, EV 93.1 MPH)
Batting: SHB Akira Nagata 0-0: Ball
1-0: Ball
2-0: Called Strike
2-1: Ball
3-1: Foul Ball, location: 3FF
3-2: Fly out, F8 (Flyball, 89M, EV 89.4 MPH)
Top of the 7th over - 0 runs, 0 hits, 0 errors, 0 left on base; New Orleans 5 - Iowa 2
BOTTOM OF THE 7TH
Iowa Cubs batting - Pitching for New Orleans Zephyrs : RHP Joe Allen
Batting: RHB Kent Pease 0-0: Called Strike
0-1: Ball
1-1: Swinging Strike
1-2: Foul Ball, location: 2F
1-2: Foul Ball, location: 2F
1-2: Foul Ball, location: 2RF
1-2: Ball
2-2: Strikes out looking
Batting: RHB Jim Unknown 0-0: Ball
1-0: Ball
2-0: Foul Ball, location: 2LF
2-1: Swinging Strike
2-2: Foul Ball, location: 25F
2-2: Ground out 4-3 (Groundball, 4, EV 68.8 MPH)
Batting: RHB Craig Bennett 0-0: Called Strike
0-1: Called Strike
0-2: DOUBLE (Groundball, 5L, EV 105.6 MPH)
Batting: RHB Jeremy Piland 0-0: Called Strike
0-1: Ball
1-1: Ball
2-1: Called Strike
2-2: Ball
3-2: Foul Ball, location: 2F
3-2: Base on Balls
Batting: RHB Jonathan Stooksberry 0-0: Ball
1-0: Ball
2-0: SINGLE (Groundball, 6MD, EV 104.4 MPH)
Craig Bennett to third
Jeremy Piland to second
Runner from 3rd tries for Home, SAFE, throw by CF to home
Batting: RHB Jaylin Tillman 0-0: Swinging Strike
0-1: Ball
1-1: SINGLE (Groundball, 34S, EV 82.5 MPH)
Jeremy Piland to third
Jonathan Stooksberry to second
Runner from 3rd tries for Home, SAFE, throw by RF to home
Pitching: RHP John Gordon
Batting: RHB John Borchardt 0-0: Called Strike
0-1: Ball
1-1: 3-RUN HOME RUN (Flyball, 7D, EV 96.9 MPH), Distance : 367 ft
Batting: RHB Josh Bushman 0-0: Ground out U3 (Groundball, 3, EV 102.5 MPH)
Bottom of the 7th over - 5 runs, 4 hits, 0 errors, 0 left on base; New Orleans 5 - Iowa 7
TOP OF THE 8TH
New Orleans Zephyrs batting - Pitching for Iowa Cubs : LHP Jamie DeCiantis
Pitching: LHP Vince Roberts
Batting: LHB Rick Alvarez 0-0: Ball
1-0: Called Strike
1-1: Called Strike
1-2: Ball
2-2: Strikes out swinging
Batting: SHB Everett Anderson 0-0: Ball
1-0: SINGLE (Flyball, 6MD, EV 90.6 MPH)
Pinch Hitting: RHB Bob Armas 0-0: Grounds into double play, 5-4-3 (Groundball, 56S, EV 86.9 MPH)
Top of the 8th over - 0 runs, 1 hit, 0 errors, 0 left on base; New Orleans 5 - Iowa 7
BOTTOM OF THE 8TH
Iowa Cubs batting - Pitching for New Orleans Zephyrs : RHP John Gordon
Pitching: RHP Jonathan Garza
Now at 2B: Akira Nagata
Now at 3B: Melvin Amezcua
Now at SS: Raul Gallegos
Batting: RHB Erik Bazan 0-0: Called Strike
0-1: Ball
1-1: Ball
2-1: Fly out, F8 (Flyball, 8RD, EV 86.9 MPH)
Batting: RHB Kent Pease 0-0: Ball
1-0: Ball
2-0: Fly out, F7 (Flyball, 7D, EV 85.0 MPH)
Batting: RHB Jim Unknown 0-0: Called Strike
0-1: Ball
1-1: Called Strike
1-2: Fly out, F8 (Flyball, 89D, EV 107.5 MPH)
Bottom of the 8th over - 0 runs, 0 hits, 0 errors, 0 left on base; New Orleans 5 - Iowa 7
TOP OF THE 9TH
New Orleans Zephyrs batting - Pitching for Iowa Cubs : LHP Vince Roberts
Batting: LHB Joe Krause 0-0: Ball
1-0: Foul Ball, location: 23FF
1-1: Ball
2-1: SOLO HOME RUN (Flyball, 7D, EV 93.8 MPH), Distance : 368 ft
Batting: RHB Kevin Dorsey 0-0: Swinging Strike
0-1: Fly out, F8 (Flyball, 89D, EV 85.6 MPH)
Batting: RHB Nick Allen 0-0: Called Strike
0-1: Swinging Strike
0-2: Strikes out swinging
Batting: SHB Melvin Amezcua 0-0: Fly out, F9 (Flyball, 89M, EV 70.0 MPH)
Top of the 9th over - 1 run, 1 hit, 0 errors, 0 left on base; New Orleans 6 - Iowa 7
Saturday, May 11th , 2024 - OOTP Baseball 24.11 Build 85